 Dungeon Crawl Stone Soup version 0.18.1-8-gdd0e5ea (webtiles) character file.

11 epen the Ducker (level 2, -3/14 HPs)
             Began as a Spriggan Transmuter on May 21, 2016.
             Slain by a kobold
             ... wielding a +0 hand axe
              (4 damage)
             ... on level 1 of the Dungeon.
             The game lasted 00:00:57 (530 turns).

epen the Ducker (Spriggan Transmuter)                Turns: 530, Time: 00:00:57

Health: -3/14      AC:  2    Str:  6    XL:     2   Next: 17%
Magic:  2/6        EV: 18    Int: 14    God:
Gold:   11         SH:  0    Dex: 16    Spells: 2 memorised, 3 levels left

rFire  . . .     SeeInvis +       - Unarmed
rCold  . . .     Gourm    .     b - +0 robe
rNeg   . . .     Faith    .     (shield restricted)
rPois  .         Spirit   .     (helmet restricted)
rElec  .         Dismiss  .     (no cloak)
rCorr  .         Reflect  .     (gloves unavailable)
SustAt .         Harm     .     (boots unavailable)
MR     .....                    (no amulet)
Stlth  +.........               (no ring)
                                (no ring)

@: very slightly contaminated, very quick, not resistant to hostile
enchantments, very unstealthy
A: unfitting armour, see invisible, herbivore 3, speed 3, slow metabolism 2
a: no special abilities


You were on level 1 of the Dungeon.
You were not hungry.

You visited 1 branch of the dungeon, and saw 1 of its levels.

You collected 11 gold pieces.

Inventory:

Missiles
 a - 9 arrows
Armour
 b - a +0 robe (worn)
Books
 c - a book of Changes

   Spells                             Type                      Level
   a - Beastly Appendage              Transmutation                1
   b - Sticks to Snakes               Transmutation                2
   c - Spider Form                    Transmutation/Poison         3
   d - Ice Form                       Ice/Transmutation            4
   e - Blade Hands                    Transmutation                5
Comestibles
 d - 2 bread rations


   Skills:
 + Level 0.8 Fighting
 + Level 3.2 Dodging
 * Level 2.6 Unarmed Combat
 + Level 2.7 Spellcasting
 * Level 3.1 Transmutations


You had 3 spell levels left.
You knew the following spells:

 Your Spells              Type           Power        Failure   Level  Hunger
a - Beastly Appendage     Trmt           ##....       10%         1    #......
b - Sticks to Snakes      Trmt           ##......     12%         2    ###....


Dungeon Overview and Level Annotations

Branches:
Dungeon (1/15)

Altars:


Innate Abilities, Weirdness & Mutations

You are tiny and cannot use many weapons and most armour.
You have supernaturally acute eyesight.
You are a herbivore.
You cover ground extremely quickly.
You need consume almost no food.


Message History

You hit the hobgoblin.
You kill the hobgoblin!
You hit the hobgoblin but do no damage.
The hobgoblin is severely wounded.
You closely miss the hobgoblin.
The hobgoblin is severely wounded.
You miss the kobold. The hobgoblin misses you.
The kobold completely misses you.
You closely miss the kobold. The hobgoblin hits you with a club.
* * * LOW HITPOINT WARNING * * *
You barely miss the kobold. The kobold barely misses you.
The hobgoblin closely misses you.
You hit the kobold but do no damage. The kobold barely misses you.
The hobgoblin misses you.
Read which item? (? for menu, Esc to quit)
As you read the scroll labeled GEBBUY MAYXAU, it crumbles to dust.
It is a scroll of identify.
You don't have any unidentified items.
The kobold hits you with a hand axe.
You die...

#..†.# ##.#.#
#.#S# #.#.#
#.#.# #.#g#
#.#K####
#K#....#
#@####.#
#g####'##
#g......#
######
####....#
#....# #.)..#
#....#
#.#.####....#
#.#.........#
#.###.......#
#.# #.......#


You could see a hobgoblin, a goblin and a kobold.

Vanquished Creatures
  A dart slug (D:1)
  A giant cockroach (D:1)
  A goblin (D:1)
  A hobgoblin (D:1)
  2 jackals (D:1)
  A kobold (D:1)
  A rat (D:1)
8 creatures vanquished.

Vanquished Creatures (collateral kills)
  A bat (D:1)
1 creature vanquished.

Grand Total: 9 creatures vanquished

Notes
Turn   | Place    | Note
--------------------------------------------------------------
     0 | D:1      | epen the Spriggan Transmuter began the quest for the Orb.
     0 | D:1      | Reached XP level 1. HP: 9/9 MP: 5/5
   195 | D:1      | Reached XP level 2. HP: 14/14 MP: 6/6
   199 | D:1      | Learned a level 2 spell: Sticks to Snakes
   530 | D:1      | Slain by a kobold

Skill      XL: |  1 |
---------------+----+-----
Transmutations | 3 |  3.1
Fighting       | |  0.8
Dodging        | |  3.2
Unarmed Combat | |  2.6
Spellcasting   | |  2.7

Action                   || total
-------------------------++-------
Melee: Unarmed           ||    42
       Headbutt          ||     5
       Punch             ||     1
 Cast: Beastly Appendage ||     3
       Sticks to Snakes  ||     3
  Use: Scroll            ||     1
Armor: Robe              ||     2
Dodge: Dodged            ||    41
